 Dungeon Crawl Stone Soup version 0.26.1-11-gd32895ea62 (webtiles) character file.

Game seed: 9069530370802624411

1012 buriedalive the Frost Mage (level 8, -6/41 HPs)
             Began as a Deep Elf Ice Elementalist on June 18, 2021.
             Was an Initiate of Ashenzari.
             Shot with an arrow by a centaur (8 damage)
             ... on level 5 of the Dungeon.
             The game lasted 00:09:49 (6005 turns).

buriedalive the Frost Mage (DEIE)                   Turns: 6005, Time: 00:09:49

Health: -6/41      AC:  5    Str:  5    XL:     8   Next: 1%
Magic:  10/14      EV: 17    Int: 23    God:    Ashenzari [......]
Gold:   274        SH:  0    Dex: 15    Spells: 2/13 levels left

rFire    . . .     SeeInvis .   i - +0 short sword (venom) (curse)
rCold    . . .     Faith    .   (no shield)
rNeg     . . .     Spirit   .   a - +0 robe
rPois    .         Reflect  .   n - +1 helmet
rElec    .         Harm     .   j - +0 cloak (curse)
rCorr    .         Rampage  .   (no gloves)
Will     .....                  (no boots)
Stlth    ++........             (no amulet)
HPRegen  0.13/turn              (no ring)
MPRegen  0.14/turn              (no ring)

@: frozen ramparts
A: no striking features
a: Renounce Religion, Curse Item


You were on level 5 of the Dungeon.
You worshipped Ashenzari.
Ashenzari was noncommittal.
You visited 1 branch of the dungeon, and saw 5 of its levels.

You collected 274 gold pieces.

Inventory:

Hand Weapons
 i - a cursed +0 short sword of venom (weapon)
Missiles
 e - 73 stones
 k - 9 poisoned darts (quivered)
Armour
 a - a +0 robe (worn)
 j - a cursed +0 cloak (worn)
 n - a +1 helmet (worn)
Wands
 o - a wand of disintegration (11)
 r - a wand of iceblast (4)
Scrolls
 c - a scroll of identify
 f - 2 scrolls of remove curse
 l - a scroll of noise {unknown}
 m - 4 scrolls of enchant weapon {unknown}
 p - 3 scrolls of amnesia {unknown}
Potions
 d - a potion of attraction
 g - a potion of flight
 h - 2 potions of curing
 q - a potion of ambrosia {unknown}


   Skills:
 + Level 8.2 Dodging
 - Level 2.4 Stealth
 - Level 3.0 Spellcasting
 + Level 8.4 Ice Magic


You had 2 spell levels left.
You knew the following spells:

 Your Spells              Type           Power        Failure   Level
a - Freeze                Ice            100%         1%          1
b - Frozen Ramparts       Ice            84%          1%          3
c - Ozocubu's Armour      Ice            42%          1%          3
d - Summon Ice Beast      Ice/Summ       22%          21%         4

Your spell library contained the following spells:

 Spells                   Type           Power        Failure   Level
 Hailstorm                Conj/Ice       22%          21%         4


Dungeon Overview and Level Annotations

Branches:
Dungeon (5/15)
 Temple: D:4-7

Altars:
Ashenzari

Annotations:
D:4 Eryximachus's ghost, amateur OpEE


Message History

The centaur shoots an arrow.
The arrow hits you but does no damage.
The wall freezes the water moccasin!
The water moccasin seems to slow down.
The water moccasin bites you.
You are poisoned.
The water moccasin poisons you!
You have reached level 8!
You feel clever.
As you read the scroll of fog, it crumbles to dust.
The scroll dissolves into smoke.
You feel sick.
The centaur shoots an arrow.
The arrow hits you.
* * * LOW HITPOINT WARNING * * *
The wall freezes the giant cockroach!
You kill the giant cockroach!
The centaur shoots an arrow.
The arrow hits you!
* * * LOW HITPOINT WARNING * * *
You feel better.
The wall freezes the water moccasin.
The water moccasin seems to slow down.
The water moccasin bites you.
* * * LOW HITPOINT WARNING * * *
The centaur shoots an arrow.
The arrow hits you!
You die...

###........... .
###....c.$:.....
.≈................
..................
≈.........<.......
.............$....
......##(§§§§....$
.........§@S......
...#.###.##§§.....
........# .§.....
........##≈≈..≈..
.[.(.....#....≈##
....##.<.≈≈≈≈≈≈≈#
......†.........#
.........###$...#
......#### ..


You could see a water moccasin (slow) and a centaur.

Vanquished Creatures
  Menkaure (D:4)
  Duvessa (D:4)
  2 ogres (D:4)
  A centaur (D:5)
  A bullfrog (D:3)
  Blork the orc (D:4)
  Dowan (D:4)
  2 orc priests (D:4)
  A hound (D:5)
  2 iguanas (D:4)
  Ijyb (D:4)
  Terence (D:3)
  Robin (D:3)
  A howler monkey skeleton (D:4)
  7 adders
  An adder skeleton (D:4)
  A worm (D:4)
  A dart slug (D:2)
  13 orcs
  A ball python (D:3)
  12 bats
  6 giant cockroaches
  10 goblins
  5 hobgoblins
  2 quokkas (D:4)
  6 frilled lizards
  6 kobolds
  A quokka skeleton (D:4)
  5 rats
94 creatures vanquished.

Notes
Turn   | Place    | Note
-------+----------+-------------------------------------------
     0 | D:1      | buriedalive the Deep Elf Ice Elementalist began the quest
                  | for the Orb.
     0 | D:1      | Reached XP level 1. HP: 10/10 MP: 6/6
   676 | D:1      | Reached XP level 2. HP: 15/15 MP: 6/8
  1610 | D:2      | Reached skill level 5 in Ice Magic
  1610 | D:2      | Reached XP level 3. HP: 19/19 MP: 5/9
  2481 | D:3      | Noticed Robin
  2497 | D:3      | Reached XP level 4. HP: 17/24 MP: 10/10
  2502 | D:3      | Killed Robin
  2840 | D:3      | Noticed Terence
  2852 | D:3      | Killed Terence
  3778 | D:4      | Noticed Blork the orc
  3785 | D:3      | Learned a level 3 spell: Frozen Ramparts
  3789 | D:3      | Learned a level 3 spell: Ozocubu's Armour
  3830 | D:2      | Found a broken altar of Ashenzari.
  3839 | D:2      | Became a worshipper of Ashenzari the Shackled
  3941 | D:4      | Killed Blork the orc
  3942 | D:4      | Reached skill level 5 in Dodging
  3942 | D:4      | Reached XP level 5. HP: 28/28 MP: 6/11
  4080 | D:4      | Noticed Menkaure
  4116 | D:4      | Found a runed translucent door.
  4142 | D:4      | Noticed Eryximachus's ghost (amateur OpEE)
  4143 | D:4      | Noticed Dowan
  4159 | D:4      | Killed Dowan
  4193 | D:4      | Noticed Duvessa
  4202 | D:4      | Killed Duvessa
  4203 | D:4      | Reached XP level 6. HP: 13/32 MP: 0/12
  4872 | D:4      | Learned a level 4 spell: Summon Ice Beast
  4938 | D:4      | Reached XP level 7. HP: 31/36 MP: 13/13
  5163 | D:4      | Killed Menkaure
  5613 | D:4      | Noticed Ijyb
  5621 | D:4      | Killed Ijyb
  5967 | D:5      | Entered Level 5 of the Dungeon
  6004 | D:5      | Reached XP level 8. HP: 13/41 MP: 10/14
  6004 | D:5      | HP: 2/41 [centaur/arrow (8)]
  6005 | D:5      | Shot with an arrow by a centaur

Illustrated notes

Levels and vault maps discovered:
D:1:      dpeg_arrival_stonehenge_8_columns, layout_basic
D:2:      layout_loops_ring, nicolae_overflow_hidden_temple, fountainhead,
          st_stairs_6
D:3:      layout_basic, uniq_robin, uniq_terence
D:4:      layout_loops_ring, ebering_ghost_sewer_d, kennysheep_windowed_goal,
          uniq_blork_the_orc, uniq_duvessa, uniq_menkaure, uniq_ijyb
D:5:      layout_cave_pools, serial_rivers, chequers_serial_rivers_large_b,
          chequers_serial_rivers_small_a, chequers_serial_rivers_micro_e,
          chequers_serial_rivers_room_b, chequers_serial_rivers_marsh,
          grunt_ministairs_5, minmay_manual_mullet

Skill      XL: |  1  2  3  4  5  6  7 |
---------------+----------------------+-----
Dodging        | 3 4 5 6 8 |  8.2
Ice Magic      | 5 6 7 8 |  8.4
Stealth        | |  2.4
Spellcasting   | |  3.0

Action                   |  1- 3 |  4- 6 |  7- 9 || total
-------------------------+-------+-------+-------++-------
Melee: Unarmed           |    21 |       |       ||    21
       Short sword       |    37 |    53 |    46 ||   136
Throw: Dart              |       |     2 |     3 ||     5
 Cast: Freeze            |    37 |    19 |     4 ||    60
       Frozen Ramparts   |       |     7 |     9 ||    16
       Ozocubu's Armour  |       |     2 |       ||     2
Invok: Curse Item        |       |       |     1 ||     1
  Use: Scroll            |       |     6 |     1 ||     7
       Potion            |       |     1 |     1 ||     2
 Stab: Sleeping          |     5 |     2 |     1 ||     8
Armor: Robe              |    22 |    10 |     6 ||    38
Dodge: Dodged            |    69 |    46 |    33 ||   148
